 Dungeon Sprint DCSS version 0.21.1-1-g345015f (webtiles) character file.

1500000 Fang the Axe Maniac (level 15, -37/170 HPs)
             Began as a Minotaur Gladiator on May 7, 2018.
             Was a Believer of Makhleb.
             Annihilated by a meat berserker
             ... wielding a +9 battleaxe
              (62 damage)
             ... in the Dungeon (Sprint VIII: "Arena of Blood").
             The game lasted 00:00:13 (15 turns).

Fang the Axe Maniac (Minotaur Gladiator)              Turns: 15, Time: 00:00:14

Health: -37/170    AC:  3    Str: 24    XL:     15   Next: 95%
Magic:  14/14      EV: 29    Int:  5    God:    Makhleb [**....]
Gold:   0          SH:  0    Dex: 13    Spells: 14/14 levels left

rFire    . . .     SeeInvis .   l - +∞ Axe of Woe
rCold    . . .     Gourm    .   (shield currently unavailable)
rNeg     . . .     Faith    .   b - +0 leather armour
rPois    .         Spirit   .   c - +0 hat
rElec    .         Reflect  .   (no cloak)
rCorr    .         Harm     .   (no gloves)
MR       +....     NoTele   +   (no boots)
Stlth    +.........             (no amulet)
HPRegen  0.38/turn              (no ring)
MPRegen  0.14/turn              (no ring)

@: no status effects
A: retaliatory headbutt, horns 2
a: Minor Destruction, Renounce Religion


You were in the Dungeon.
You worshipped Makhleb.
Makhleb was pleased with you.
You were not hungry.

You visited 1 branch

Inventory:

Hand Weapons
 a - a +0 war axe
 l - the +∞ Axe of Woe (weapon)
   (You found it in the Dungeon)
Missiles
 d - 3 throwing nets (quivered)
Armour
 b - a +0 leather armour (worn)
 c - a +0 hat (worn)
Scrolls
 k - a scroll of blinking
Potions
 e - a potion of curing
 g - a potion of heal wounds
 h - a potion of haste
 i - 2 potions of magic
 j - a potion of berserk rage
Comestibles
 f - a ration


   Skills:
 + Level 25.3 Fighting
 O Level 27 Axes
 + Level 19.5 Throwing
 + Level 5.1 Armour
 O Level 27 Dodging


You had 14 spell levels left.
You didn't know any spells.

Dungeon Overview and Level Annotations

Branches:
Dungeon (1/1)

Altars:
Makhleb


Innate Abilities, Weirdness & Mutations

You reflexively headbutt those who attack you in melee.
You have a pair of horns on your head.


Message History

You hear a shout! x2 2 orcs come into view.
Things that are here:
a +9 war axe; a +30 ring of slaying; a bag of meat corpse Unknown command.
You are too injured to fight recklessly!
Unknown command.
You are too injured to fight recklessly!
Unknown command.
You are too injured to fight recklessly!
An orc and a two-headed ogre come into view.
The bag of meat shouts! x3; You hear a shout!
You hear two shouts!
You hear a shout! x12
The meat berserker appears out of thin air!
A meat berserker comes into view. It is wielding a +9 battleaxe.
The meat berserker rages.
The meat berserker hits you with a +9 battleaxe!!
* * * LOW HITPOINT WARNING * * *
The meat berserker hits you with a +9 battleaxe!!!
You die...

...oOoO....
.....o....
..o..o....
..o......
...O..... .
#.......# #..
#.O.....#
....###@Oo....###.
.......)O###......
.#....)o.._.o....
..o...)#.....#.
.......#_.<._#
...O...#.....#
.#..O...o._......
.........###......
....###... ..###.


You could see 2 large bags of meat, 6 meat berserkers and 10 bags of meat.

Vanquished Creatures
  An ogre (D)
  6 orcs (D)
7 creatures vanquished.

Notes
Turn   | Place    | Note
-------+----------+-------------------------------------------
     0 | D        | Found the +∞ Axe of Woe
     0 | D        | Fang the Minotaur Gladiator began the quest for the Orb.
     0 | D        | Reached XP level 1. HP: 18/18 MP: 0/0
     3 | D        | Noticed a bag of meat
     4 | D        | Became a worshipper of Makhleb the Destroyer
     5 | D        | Noticed a bag of meat
     5 | D        | Noticed a bag of meat
     5 | D        | Noticed a bag of meat
     7 | D        | Noticed a bag of meat
     7 | D        | Noticed a bag of meat
     8 | D        | Noticed a bag of meat
     8 | D        | Killed a bag of meat
     8 | D        | Reached XP level 2. HP: 42/42 MP: 1/1
     8 | D        | Reached XP level 3. HP: 49/49 MP: 2/2
     8 | D        | Reached XP level 4. HP: 57/57 MP: 3/3
     8 | D        | Reached XP level 5. HP: 63/63 MP: 4/4
     8 | D        | Reached XP level 6. HP: 71/71 MP: 5/5
     8 | D        | Reached XP level 7. HP: 78/78 MP: 6/6
     8 | D        | Reached XP level 8. HP: 85/85 MP: 7/7
     8 | D        | Reached XP level 9. HP: 91/91 MP: 8/8
     8 | D        | Reached XP level 10. HP: 99/99 MP: 9/9
     8 | D        | Reached XP level 11. HP: 105/105 MP: 10/10
     9 | D        | Noticed a bag of meat
     9 | D        | Noticed a meat berserker
     9 | D        | Noticed a meat berserker
    10 | D        | Killed a bag of meat
    10 | D        | Reached * piety under Makhleb
    10 | D        | Reached skill level 10 in Throwing
    10 | D        | Reached XP level 12. HP: 118/118 MP: 11/11
    10 | D        | Killed a bag of meat
    10 | D        | Reached skill level 15 in Fighting
    10 | D        | Reached XP level 13. HP: 128/128 MP: 12/12
    11 | D        | Noticed a bag of meat
    11 | D        | Killed a bag of meat
    11 | D        | Reached skill level 27 in Axes
    11 | D        | Reached XP level 14. HP: 138/138 MP: 13/13
    12 | D        | Killed a bag of meat
    12 | D        | Reached ** piety under Makhleb
    12 | D        | Reached skill level 1 in Armour
    12 | D        | Killed a meat berserker
    12 | D        | Reached skill level 27 in Dodging
    12 | D        | Reached XP level 15. HP: 143/163 MP: 14/14
    13 | D        | Noticed a meat berserker
    13 | D        | Noticed a meat berserker
    13 | D        | Noticed a meat berserker
    13 | D        | Reached skill level 5 in Armour
    14 | D        | Noticed a meat berserker
    15 | D        | Noticed a large bag of meat
    15 | D        | Annihilated by a meat berserker

Skill      XL: |  1  2  3  4  5  6  7  8  9 10 11 12 13 14 15 |
---------------+----------------------------------------------+-----
Fighting       | 12 14 15 16 23 25 | 25.3
Axes           | 20 23 25 27 | 27.0
Throwing       | 9 10 11 12 17 19 | 19.5
Dodging        | 18 21 22 24 27 | 27.0
Armour         | 4 5 |  5.1

Action                   |  1- 3 |  4- 6 |  7- 9 | 10-12 | 13-15 || total
-------------------------+-------+-------+-------+-------+-------++-------
Melee: Executioner's axe |     1 |       |       |     1 |     3 ||     5
